 Dungeon Crawl Stone Soup version bcrawl-1.41.1 (webtiles) character file.

Game seed: 16210167082353696614

138713 Grimmash the Firebug (level 6, -1/47 HPs)
             Began as a Djinni Fire Elementalist on Apr 16, 2024.
             Slain by a hippogriff (4 damage)
             ... on level 5 of the Dungeon.
             The game lasted 00:04:23 (3777 turns).

Grimmash the Firebug (Djinni Fire Elementalist)     Turns: 3777, Time: 00:04:23

Health: -1/47      AC:  3    Str: 10    XL:     6   Next: 2%
Magic:  9/13       EV: 12    Int: 20    God:
Gold:   190        SH:  0    Dex: 11    Spells: 10/14 levels left

rFire    . . .     GDR:     23% a - +2 falchion (holy)
rCold    . . .     SeeInvis .   (no shield)
rNeg     . . .     Gourm    +   k - +0 robe
rPois    .         Faith    .   (no helmet)
rElec    .         Spirit   .   (no cloak)
rCorr    .         Reflect  .   l - +0 pair of gloves
MR       .....     Rnd*Rage +   (boots unavailable)
Stlth    ++........             q - amulet of the gourmand
HPRegen  0.17/turn              (no ring)
MPRegen  0.13/turn              (no ring)

@: flying
A: never pass out, berserk 2, blink, blurry vision 2, wild magic 2, MP-powered
wands, floating
a: Blink


You were on level 5 of the Dungeon.
You were very hungry.

You visited 1 branch of the dungeon, and saw 5 of its levels.

You collected 190 gold pieces.

Inventory:

Hand Weapons
 a - a +2 falchion of holy wrath (weapon)
 m - a +0 rapier
Missiles
 d - 559 stones (quivered)
 u - 51 poisoned tomahawks
Armour
 k - a +0 robe (worn)
 l - a +0 pair of gloves (worn)
 s - a +0 buckler
Jewellery
 q - an amulet of the gourmand (around neck)
Wands
 c - a wand of flame (3)
Scrolls
 f - 2 scrolls of enchant armour {unknown}
 g - 3 scrolls of remove curse
 h - 3 scrolls of revelation {unknown}
 i - 4 scrolls of identify
 n - a scroll of amnesia {unknown}
 o - a scroll of fear {unknown}
 p - a scroll of teleportation {unknown}
Potions
 b - a potion of mutation {unknown}
 j - a potion of curing {unknown}
 r - a potion of haste {unknown}
Comestibles
 e - 8 rations {!d}


   Skills:
 * Level 1.2 Fighting
 * Level 1.0 Long Blades
 * Level 0.4 Armour
 * Level 2.3 Dodging
 + Level 1.7 Stealth
 * Level 0.6 Shields
 + Level 0.5 Unarmed Combat
 * Level 4.7 Spellcasting
 * Level 3.2 Conjurations
 * Level 5.2 Fire Magic
 * Level 0.5 Evocations


You had 10 spell levels left.
You knew the following spells:

 Your Spells              Type           Power        Failure   Level  Hunger
a - Flame Tongue          Conj/Fire      ####.        7%          1    None
b - Conjure Flame         Conj/Fire      ####....     14%         3    ###....

Your spell library contained the following spells:

 Spells                   Type           Power        Failure   Level  Hunger
 Flaming Arrows           Chrm/Fire      ###.....     14%         2    None
 Inner Flame              Hex/Fire       N/A          24%         3    ###....
 Sticky Flame             Conj/Fire      ####....     38%         4    #####..
 Fireball                 Conj/Fire      ####......   69%         5    ######.


Dungeon Overview and Level Annotations

Branches:
Dungeon (5/12)
 Temple: D:4-7

Altars:

Shops:
D:4 [

Annotations:
D:3 Sigmund
D:4 Eustachio


Innate Abilities, Weirdness & Mutations

You never pass out after going berserk.
You often lose your temper in combat.
You can translocate small distances at will.
Scrolls take you longer to read.
Your spells are harder to cast, but more powerful.
You expend magic power (3 MP) to strengthen your wands.
Your body floats in the air.


Message History

A bullfrog comes into view.
Your blurry vision makes reading the scroll take longer!
The adder zombie barely misses you.
You begin reading the scroll.
You continue reading the scroll.
The hippogriff barely misses you. The hippogriff pecks you.
The hippogriff claws you.
The adder zombie bites you but does no damage.
As you read the scroll labeled JOFYQU UJEEKK, it crumbles to dust.
You feel blessed for a moment.
It was a scroll of remove curse.
No path to travel!
Your blurry vision makes reading the scroll take longer!
The hippogriff barely misses you. x3; The adder zombie bites you.
* * * LOW HITPOINT WARNING * * *
The iguana barely misses you.
You begin reading the scroll.
You continue reading the scroll.
You hear a grinding noise.
The bullfrog barely misses you. The hippogriff bites you!
* * * LOW HITPOINT WARNING * * *
The hippogriff pecks you.
You die...

####...####
.........
........
...... #....#
#....# #.FZ.#
# #..@.#
#.#..Hl# #..
#......##.#
#.#
#######.....#
...
#......#####.#
#.#
#.####....#
#.#
#...........
#.#
#..#.#.<..##.#
#.### #.
#.##$.....
#<...


You could see a hippogriff, a bullfrog, an iguana and an adder zombie.

Vanquished Creatures
  A sky beast (D:4)
  3 worker ants
  3 adders
  7 worms
  2 dart slugs (D:1)
  A leopard gecko (D:1)
  An orc (D:2)
  3 giant cockroaches
  3 goblins
  11 hobgoblins
  7 jackals (D:3)
  2 quokkas
  3 bats
  4 frilled lizards
  9 kobolds
  2 rats
62 creatures vanquished.

Notes
Turn   | Place    | Note
-------+----------+-------------------------------------------
     0 | D:1      | Grimmash the Djinni Fire Elementalist began the quest for
                  | the Orb.
     0 | D:1      | Reached XP level 1. HP: 14/14 MP: 4/4
   145 | D:1      | Reached skill level 4 in Fire Magic
   145 | D:1      | Reached XP level 2. HP: 11/20 MP: 0/6
   815 | D:2      | Reached XP level 3. HP: 14/27 MP: 0/7
  1612 | D:3      | Gained mutation: Your spells are harder to cast, but more
                  | powerful. [Djinni growth]
  1612 | D:3      | Gained mutation: You can translocate small distances at
                  | will. [Djinni growth]
  1612 | D:3      | Reached XP level 4. HP: 30/34 MP: 3/9
  1747 | D:3      | Noticed Sigmund
  1800 | D:3      | Found a faded altar of an unknown god.
  2593 | D:3      | Reached skill level 5 in Fire Magic
  2831 | D:4      | Noticed Eustachio
  2907 | D:4      | Reached XP level 5. HP: 36/39 MP: 4/11
  2963 | D:4      | Reached skill level 1 in Fighting
  3009 | D:4      | Found Daihio's Armour Shoppe.
  3180 | D:4      | Noticed a sky beast
  3193 | D:4      | Learned a level 3 spell: Conjure Flame
  3247 | D:4      | Killed a sky beast
  3248 | D:4      | Reached skill level 1 in Long Blades
  3248 | D:4      | Reached XP level 6. HP: 42/47 MP: 1/13
  3764 | D:5      | Entered Level 5 of the Dungeon
  3764 | D:5      | Noticed a hippogriff
  3777 | D:5      | Slain by a hippogriff

Skill      XL: |  1  2  3  4  5 |
---------------+----------------+-----
Fire Magic     | 4 5 |  5.2
Conjurations   | 2 3 |  3.2
Spellcasting   | 4 |  4.7
Fighting       | 1 |  1.2
Long Blades    | 1 |  1.0
Armour         | |  0.4
Dodging        | |  2.3
Stealth        | |  1.7
Shields        | |  0.6
Unarmed Combat | |  0.5
Evocations     | |  0.5

Action                   |  1- 3 |  4- 6 || total
-------------------------+-------+-------++-------
Melee: Unarmed           |    16 |       ||    16
       Falchion          |       |    17 ||    17
 Cast: Flame Tongue      |    67 |    69 ||   136
       Conjure Flame     |       |     2 ||     2
Evoke: Wand              |       |     1 ||     1
  Use: Scroll            |     1 |     1 ||     2
  Eat: Chunk             |     2 |     8 ||    10
Armor: Robe              |     3 |    12 ||    15
Dodge: Dodged            |    21 |    40 ||    61
